 Dungeon Crawl Stone Soup version 0.31.0-9-g3a7656b989 (webtiles) character file.

Game seed: 2928777930400918239

23 qw the Shooter (level 2, -2/16 HPs)
             Began as a Deep Elf Hunter on Feb 2, 2024.
             Succumbed to their own poison gas
             ... on level 1 of the Dungeon.
             The game lasted 00:00:02 (987 turns).

qw the Shooter (Deep Elf Hunter)                     Turns: 987, Time: 00:00:02

Health: -2/16      AC:  5    Str:  8    XL:     2   Next: 75%
Magic:  4/4        EV: 10    Int: 13    God:
Gold:   82         SH:  0    Dex: 18    Spells: 1/1 levels left

rFire   . . .        a - +0 shortbow
rCold   . . .        (shield currently unavailable)
rNeg    . . .        h - +0 ring mail
rPois   .            (no helmet)
rElec   .            (no cloak)
rCorr   .            (no gloves)
SInv    .            (no boots)
Will    .....        (no amulet)
Stlth   +            (no ring)
HPRegen 0.22/turn    (no ring)
MPRegen 0.09/turn

%: no passive effects
@: lethally poisoned (-2 -> -14)
A: no striking features
a: no special abilities


You were on level 1 of the Dungeon.
You visited 1 branch of the dungeon, and saw 1 of its levels.

You collected 82 gold pieces.


   Skills:
 - Level 1.5 Fighting
 + Level 6.5 Ranged Weapons
 - Level 2.4 Dodging
 - Level 1.2 Stealth


You had one spell level left.
You didn't know any spells.
Your spell library was empty.

Inventory:

Hand Weapons
 a - a +0 shortbow (weapon)
Armour
 h - a +0 ring mail (worn)
Potions
 e - a potion of lignification {unknown}

Dungeon Overview and Level Annotations

Branches:
Dungeon (1/15)

Altars:


Message History

Done exploring.
979 ||| READING scroll labelled YLLITE QAICUWNO.
As you read the scroll labelled YLLITE QAICUWNO, it crumbles to dust.
You feel strangely unstable.
It was a scroll of teleportation.
You start waiting.
Your surroundings suddenly seem different.
Done exploring.
982 ||| READING scroll labelled MIUGEM XUAW.
The air fills with toxic fumes!
As you read the scroll labelled MIUGEM XUAW, it crumbles to dust.
It was a scroll of poison.
Done exploring.
983 ||| READING scroll labelled DAFEUGG QAPH.
As you read the scroll labelled DAFEUGG QAPH, it crumbles to dust.
It is a scroll of amnesia.
You feel forgetful for a moment.
Done exploring.
984 ||| DROPPING scroll of butterflies.
You drop a scroll of butterflies.
Done exploring.
What level of the Dungeon? (default 1, ? - help) Sorry, I don't know how to get there.
Enter note:
Enter note:
Enter note:
Enter note:
Enter note:
Enter note:
Enter note:
Enter note:
Enter note:
Enter note:
Enter note:
Enter note: You are engulfed in poison gas.
You are lethally poisoned!
Ouch! That really hurt!
You feel very sick.
986 ||| Stepping ~*~*~tactically~*~*~ (cloud).
You feel very sick.
You see here a scroll of butterflies.
There is a lethal amount of poison in your body!
You die...

###.....##.......##7......##
#...
......77#..##'##..#777.....#
#... 7....77##..#...#..##
77...77 #... 7....7
#...#...#...# 7....7 ####
7....7 #>..#...#...# 7....7
...7###################77..7#
## ..77#....#¤¤¤8¤¤0#....#
77..7 #. ..7
#.<..#¤8¤¤¤¤¤#....# 7..77 #.
..7 #....#¤¤¤¤¤¤@#....# 7...7
#. ..7 #....0¤¤¤0¤8¤#....#
77...77##
..77###..#¤¤¤¤¤¤¤¤..###77.....7
...777####¤¤8¤8¤¤####7.......7#
7....777 #¤¤¤¤¤¤¤#
777.....77####
77.....77###¤¤¤###77....%.77
#... ##7....777#¤¤¤#7.7.....77#
#.## ##7.....¤¤¤¤......#### #.#
##77.......777### #%#


There were no monsters in sight!

Vanquished Creatures
  4 endoplasms (D:1)
  4 goblins (D:1)
  2 hobgoblins (D:1)
  A kobold (D:1)
  A quokka (D:1)
  3 ball pythons (D:1)
  2 bats (D:1)
  3 frilled lizards (D:1)
  A rat (D:1)
21 creatures vanquished.

Notes
Turn   | Place    | Note
-------+----------+-------------------------------------------
     0 | D:1      | qw the Deep Elf Hunter began the quest for the Orb.
     0 | D:1      | Reached XP level 1. HP: 12/12 MP: 3/3
     0 | D:1      | 0 ||| qw: Version: 0.3-a-155-g5e7d8dd
     0 | D:1      | 0 ||| qw: Game counter: 2799
     0 | D:1      | 0 ||| qw: Melee chars always use a shield: true
     0 | D:1      | 0 ||| qw: God list: Okawaru
     0 | D:1      | 0 ||| qw: Allow faded altars: false
     0 | D:1      | 0 ||| qw: Do Orc after clearing Dungeon:15 true
     0 | D:1      | 0 ||| qw: Do second Lair branch before Depths: true
     0 | D:1      | 0 ||| qw: Lair rune preference: random
     0 | D:1      | 0 ||| qw: Goals: Normal
     0 | D:1      | 0 ||| PLANNING D:1-11
   460 | D:1      | Reached skill level 6 in Ranged Weapons
   460 | D:1      | Reached XP level 2. HP: 16/16 MP: 4/4
   651 | D:1      | Found a faded altar of an unknown god.
   968 | D:1      | 968 ||| UPGRADING to +0 ring mail.
   978 | D:1      | 978 ||| DROPPING +0 leather armour.
   979 | D:1      | 979 ||| READING scroll labelled YLLITE QAICUWNO.
   982 | D:1      | 982 ||| READING scroll labelled MIUGEM XUAW.
   983 | D:1      | 983 ||| READING scroll labelled DAFEUGG QAPH.
   984 | D:1      | 984 ||| DROPPING scroll of butterflies.
   985 | D:1      | HP: 3/16 [poisoned by you (poison gas)]
   986 | D:1      | 986 ||| Stepping ~*~*~tactically~*~*~ (cloud).
   986 | D:1      | HP: 1/16 [poisoned by you (poison gas)]
   987 | D:1      | Succumbed to their own poison gas

Levels and vault maps discovered:
D:1:      sevenhm_arrival_forest_fort_large_3, layout_basic,
          basic_ecumenical_altar

Skill      XL: |  1 |
---------------+----+-----
Ranged Weapons | 6 |  6.5
Fighting       | |  1.5
Dodging        | |  2.4
Stealth        | |  1.2

Action                     || total
---------------------------++-------
   Fire: Shortbow          ||    55
    Use: Scroll            ||     3
 Armour: Leather armour    ||     6
  Dodge: Dodged            ||    13

Table legend:
 A = Non-vault XP
 B = Vault XP
 C = Vault XP percentage of total XP
 D = Non-vault monster count
 E = Vault monster count
 F = Vault count percentage of total count
                 A         B        C        D         E       F
            +---------+---------+-------+---------+---------+-------
      Total |      34 |       0 |   0.0 |      21 |       0 |   0.0
            +---------+---------+-------+---------+---------+-------
        D:1 |      34 |       0 |   0.0 |      21 |       0 |   0.0
            +---------+---------+-------+---------+---------+-------
